 Dungeon Crawl Stone Soup version 0.30-a0-652-gcc886f7154 (webtiles) character file.

Game seed: 6203207493243988023

5246 Dittersdorf the Blocker (level 10, -3/66 HPs)
             Began as a Gargoyle Fighter on Jan 17, 2023.
             Was a Priest of Okawaru.
             Slain by a yak (7 damage)
             ... on level 9 of the Dungeon.
             The game lasted 00:13:10 (8678 turns).

Dittersdorf the Blocker (Gargoyle Fighter)          Turns: 8678, Time: 00:13:11

Health: -3/66      AC: 24    Str: 25    XL:     10   Next: 62%
Magic:  10/10      EV:  5    Int:  8    God:    Okawaru [***...]
Gold:   384        SH: 20    Dex:  9    Spells: 9/9 levels left

rFire   . . .      SeeInvis .    a - +0 flail (chaos)
rCold   + . .      Faith    .    B - +1 tower shield
rNeg    + . .      Spirit   .    l - +0 chain mail {rC+}
rPois   ∞          Reflect  +    m - +0 helmet
rElec   +          Harm     .    j - +2 cloak
rCorr   +          Rampage  .    p - +0 pair of gloves
Will    .....                    (no boots) Stlth
                                 z - amulet of reflection
HPRegen 0.31/turn                d - ring of resist corrosion
MPRegen 0.12/turn                (no ring)

@: no status effects
A: sickness immunity, AC +7, negative energy resistance 1, electricity
resistance, torment resistance 1, petrification resistance, wild magic 1
a: Renounce Religion, Heroism


You were on level 9 of the Dungeon.
You worshipped Okawaru.
Okawaru was most pleased with you.
You visited 2 branches of the dungeon, and saw 10 of its levels.

You collected 526 gold pieces.
You spent 142 gold pieces at shops.

Inventory:

Hand Weapons
 a - a +0 flail of chaos (weapon)
Missiles
 y - a curare-tipped dart (quivered)
Armour
 j - a +2 cloak (worn)
 l - a +0 chain mail of cold resistance (worn)
 m - a +0 helmet (worn)
 p - a +0 pair of gloves (worn)
 B - a +1 tower shield (worn)
Jewellery
 d - a ring of resist corrosion (left hand)
 z - an amulet of reflection (around neck)
Wands
 g - a wand of flame (8)
 n - a wand of mindburst (13)
 q - a wand of light (19)
Scrolls
 b - 3 scrolls of poison
 k - a scroll of identify
 o - a scroll of fog
 s - 2 scrolls of fear
 u - 2 scrolls of teleportation
 A - a scroll of brand weapon
Potions
 c - a potion of flight
 e - 2 potions of cancellation
 f - 5 potions of curing
 h - a potion of resistance
 i - 4 potions of heal wounds
 v - a potion of mutation


   Skills:
 + Level 9.1 Fighting
 + Level 8.0 Maces & Flails
 + Level 9.1 Armour
 + Level 9.1 Shields


You had 9 spell levels left.
You didn't know any spells.
Your spell library contained the following spells:

 Spells                   Type           Power      Damage    Failure   Level
 Apportation              Tloc           0%         N/A       100%        1
 Blink                    Tloc           0%         N/A       100%        2
 Lesser Beckoning         Tloc           0%         N/A       100%        2
 Momentum Strike          Conj/Tloc      0%         3d8       100%        2
 Anguish                  Hex/Necr       0%         N/A       100%        4
 Dispel Undead            Necr           0%         3d6       100%        4
 Petrify                  Tmut/Erth      0%         N/A       100%        4
 Alistair's Intoxication  Tmut/Pois      0%         N/A       100%        5
 Irradiate                Conj/Tmut      0%         3d11      100%        5
 Enfeeble                 Hex            0%         N/A       100%        7
 Cigotuvi's Dreadful Rot  Necr/Pois/Air  Unusable   N/A       N/A         2
 Sublimation of Blood     Necr           Unusable   N/A       N/A         2
 Death Channel            Necr           Unusable   N/A       N/A         6

Dungeon Overview and Level Annotations

Branches:
Dungeon (9/15)             Temple (1/1) D:5            Lair (0/5) D:8
    Orc: D:9-12

Altars:
Ashenzari
Cheibriados
Dithmenos
Fedhas
Makhleb
Nemelex Xobeh
Okawaru
Ru
Xom
Yredelemnul
Zin
Jiyva

Shops:
D:3 [

Annotations:
D:1 2 runed translucent doors


Innate Abilities, Weirdness & Mutations

You are immune to sickness and miasma.
Your stone body is resilient. (AC +7)
You are immune to poison.
You resist negative energy. (rN+)
You are resistant to electric shocks. (rElec)
You are resistant to unholy torment.
You are immune to petrification.
Your spells are a little harder to cast, but a little more powerful.


Message History

The yak snorts and paws the ground.
Your Maces & Flails skill increases to level 8!
You sock the yak!
The yak is almost dead.
You block the yak's attack. x2
You hit the yak but do no damage.
Space warps around the yak.
The yak is almost dead.
You block the yak's attack.
You completely miss the yak.
The yak is almost dead.
You block the yak's attack.
You hit the yak but do no damage.
The yak suddenly seems more resistant.
The yak is almost dead.
You block the yak's attack.
You barely miss the yak.
The yak is almost dead.
The yak barely misses you. You block the yak's attack.
You closely miss the yak.
The yak is almost dead.
You block the yak's attack.
You barely miss the yak.
The yak is almost dead.
The yak gores you.
* * * LOW HITPOINT WARNING * * *
You barely miss the yak.
The yak is almost dead.
You block the yak's attack. x2
You thump the yak!
You kill the yak!
Okawaru accepts your kill.
You sock the yak! You burn the yak.
The yak is moderately wounded.
You block the yak's attack.
You hit the yak.
The yak is moderately wounded.
You block the yak's attack.
You barely miss the yak.
The yak is moderately wounded.
You block the yak's attack. The yak gores you!
You die...

...........'.......#
####.#######.......#
#.# #.......# #.#
####'#### #.# #.#
#.# ###.# #.# #...#
#.# ###'#######
#....Y@...# ####
###.#######.# .....
###Y'.#
.....z#.Y.#.#
.....zz.###.#
....<.### #.# .....
#.. .... ### ...


You could see a yak.

Vanquished Creatures
  A two-headed ogre (D:8)
  Maurice (D:8)
  A komodo dragon (D:8)
  A hornet (D:9)
  Sigmund (D:2)
  3 yaks (D:9)
  2 wyverns
  A steam dragon (D:8)
  Menkaure (D:4)
  Edmund (D:4)
  2 acid dragons (D:8)
  2 water moccasins (D:7)
  2 orc warriors
  3 ice beasts
  A sky beast (D:7)
  A centaur (D:6)
  A gnoll sergeant (D:8)
  3 bullfrogs
  A necrophage (D:7)
  3 scorpions
  2 wights (D:9)
  3 jellies
  5 hounds
  6 orc priests
  A gnoll bouda (D:6)
  4 iguanas
  6 orc wizards
  6 adders
  9 gnolls
  A shadow imp (D:6)
  An ufetubus (D:7)
  2 worms
  30 orcs
  8 endoplasms
  4 giant cockroaches
  8 goblins
  5 hobgoblins
  7 jackals (D:4)
  4 quokkas
  4 ball pythons
  9 bats
  A frilled lizard (D:1)
  6 rats
164 creatures vanquished.

Vanquished Creatures (others)
  4 plants (D:8)
4 creatures vanquished.

Grand Total: 168 creatures vanquished

Notes
Turn   | Place    | Note
-------+----------+-------------------------------------------
     0 | D:1      | Dittersdorf the Gargoyle Fighter began the quest for the
                  | Orb.
     0 | D:1      | Reached XP level 1. HP: 14/14 MP: 1/1
    33 | D:1      | Found a large runed translucent door.
    33 | D:1      | Found a large runed translucent door.
    81 | D:1      | Noticed a jelly
    82 | D:1      | Found a viscous altar of Jiyva.
    83 | D:1      | Noticed a jelly
    83 | D:1      | Noticed a jelly
    83 | D:1      | Noticed a jelly
    84 | D:1      | Noticed a jelly
    84 | D:1      | Noticed a jelly
   144 | D:1      | Reached XP level 2. HP: 19/19 MP: 2/2
   144 | D:1      | Found a faded altar of an unknown god.
   968 | D:2      | Noticed Sigmund
   977 | D:2      | Killed Sigmund
   978 | D:2      | Reached XP level 3. HP: 21/24 MP: 3/3
   978 | D:2      | Reached XP level 4. HP: 27/30 MP: 4/4
   978 | D:2      | Reached XP level 5. HP: 30/34 MP: 5/5
  1041 | D:2      | Found a burning altar of Makhleb.
  1289 | D:2      | Reached XP level 6. HP: 23/39 MP: 6/6
  2206 | D:3      | Found Zosaelul's Antique Armour Boutique.
  2212 | D:3      | Bought a runed chain mail for 142 gold pieces
  2555 | D:4      | Noticed Menkaure
  2654 | D:4      | Killed Menkaure
  2777 | D:4      | Reached skill level 5 in Shields
  2803 | D:4      | Noticed Edmund
  2834 | D:4      | Killed Edmund
  2835 | D:4      | Reached skill level 5 in Fighting
  2835 | D:4      | Reached skill level 5 in Armour
  2835 | D:4      | Reached XP level 7. HP: 17/44 MP: 7/7
  2982 | D:4      | You fall into a shaft and drop 2 floors!
  2983 | D:6      | yay!
  3209 | D:5      | Entered Level 5 of the Dungeon
  4459 | D:4      | Reached XP level 8. HP: 51/51 MP: 8/8
  4571 | D:5      | Found a staircase to the Ecumenical Temple.
  4580 | Temple   | Entered the Ecumenical Temple
  4592 | Temple   | Became a worshipper of Warmaster Okawaru
  4864 | D:5      | Reached skill level 5 in Maces & Flails
  5346 | D:6      | Noticed a wyvern
  5357 | D:6      | Killed a wyvern
  5357 | D:6      | Reached * piety under Okawaru
  5971 | D:6      | Found a shimmering altar of Xom.
  5971 | D:6      | Found a sparkling altar of Nemelex Xobeh.
  6012 | D:6      | Reached XP level 9. HP: 55/56 MP: 9/9
  6422 | D:7      | Reached ** piety under Okawaru
  7219 | D:8      | Noticed Maurice
  7291 | D:8      | Killed Maurice
  7421 | D:8      | Found a staircase to the Lair.
  7422 | D:8      | Noticed a komodo dragon
  7439 | D:8      | Killed a komodo dragon
  7439 | D:8      | Reached *** piety under Okawaru
  7539 | D:8      | Identified the +0 leather armour of Jafocvoe {+Inv Fly rN+
                  | rCorr}
  7604 | D:8      | Reached XP level 10. HP: 47/64 MP: 10/10
  7722 | D:8      | HP: 3/64 [orc/+0 hand axe (4)]
  7726 | D:8      | Gained mutation: Your spells are a little harder to cast,
                  | but a little more powerful. [potion of mutation]
  8398 | D:9      | Noticed a two-headed ogre
  8418 | D:8      | Killed a two-headed ogre
  8673 | D:9      | HP: 2/66 [yak (5)]
  8678 | D:9      | Slain by a yak

Illustrated notes

###########
#.........#
#.........#
#..:......#
#........
#.....#
#..@..#
#.....#
#.....#
######..
..# .# #


Turn 2983 on D:6: yay!

Levels and vault maps discovered:
D:1:      erik_arrival_cave_to_civilisation [erik_arrival_cave_to_temple],
          layout_basic, chequers_ecumenical_altar_island,
          chequers_serial_rivers_large_a, hangedman_decor_opposing,
          serial_park_tiny_1, nrook_mini_backslash
D:2:      layout_rooms, basic_altar, uniq_sigmund
D:3:      layout_basic, serial_co_window_serial, co_window_corner_a,
          co_window_of_opportunity_a, co_window_cross_1, co_window_corner_a,
          co_window_of_opportunity_a, co_window_paths_a, co_window_paths_a,
          co_window_of_opportunity_a, co_window_paths_b,
          co_window_of_opportunity_b, co_window_corner_b,
          co_window_unsneaky_path_e, co_window_broadway_c,
          co_window_of_opportunity_b, serial_shops, nicolae_shop_statue_plus,
          dk_noncrumbling_4
D:4:      layout_cave_pods, hex_medium, uniq_edmund, uniq_menkaure
D:5:      layout_basic, minmay_temple_entry_large_hall
D:6:      layout_gridville, gammafunk_temple_overflow_wave, minmay_circle_x
D:7:      layout_loops_ring
D:8:      layout_gridville, david_lair_shrubbed, uniq_maurice
D:9:      layout_roguey [special_room_orc]
Temple:   nicolae_temple_bog_church

Skill      XL: |  1  2  3  4  5  6  7  8  9 10 |
---------------+-------------------------------+-----
Fighting       | 4 5 6 8 9 |  9.1
Maces & Flails | 3 4 5 7 8 |  8.0
Armour         | 4 5 6 8 9 |  9.1
Shields        | 4 5 6 8 9 |  9.1

Action                   |  1- 3 |  4- 6 |  7- 9 | 10-12 || total
-------------------------+-------+-------+-------+-------++-------
Melee: Flail             |    76 |   169 |   511 |   138 ||   894
Throw: Dart              |       |     4 |     3 |     2 ||     9
Invok: Heroism           |       |       |       |     2 ||     2
  Use: Potion            |     1 |       |       |     7 ||     8
       Scroll            |       |     3 |    13 |       ||    16
Armor: Scale mail        |    68 |    23 |       |       ||    91
       Chain mail        |       |    60 |   417 |    56 ||   533
       Skin              |       |       |       |    24 ||    24
Dodge: Dodged            |    52 |    73 |   140 |    26 ||   291
Block: Buckler           |    22 |    32 |    92 |       ||   146
       Tower shield      |       |       |   212 |   233 ||   445
       Reflection        |       |       |     5 |     2 ||     7

Table legend: (Time is in decaauts)
 A = Elapsed time spent in this place.
 B = Non-inter-level travel time spent in this place.
 C = Inter-level travel time spent in this place.
 D = Time resting spent in this place.
 E = Time spent auto-exploring this place.
 F = Levels seen in this place.
 G = Mean time per level.
                   A        B        C        D        E       F      G
               +--------+--------+--------+--------+--------+-----+--------+
         Total |   8960 |   8622 |    338 |   1819 |   4636 |  10 |  896.0 |
       Dungeon |   8937 |   8608 |    329 |   1819 |   4634 |   9 |  993.0 |
        Temple |     22 |     13 |      9 |      0 |      2 |   1 |   22.0 |
               +--------+--------+--------+--------+--------+-----+--------+

Top non-repeatable levels by time:
     D:6: 1523 daAuts
     D:8: 1461 daAuts
     D:4: 1279 daAuts
     D:1: 1005 daAuts
     D:3: 952 daAuts
     D:5: 944 daAuts
     D:7: 788 daAuts
     D:2: 787 daAuts
     D:9: 195 daAuts
  Temple: 22 daAuts
